 Dungeon Sprint DCSS version 0.30.0-29-ga12c61a403 (webtiles) character file.

Game seed: 14467099379078149879

1475 Groucho the Protected (level 8, 0/82 HPs)
             Began as a Minotaur Fighter on June 24, 2023.
             Was a Believer of Makhleb.
             Slain by a ten-headed hydra (6 damage)
             ... in the Dungeon (Sprint IX: "|||||||||||||||||||||||||||||").
             The game lasted 00:02:09 (1155 turns).

Groucho the Protected (Minotaur Fighter)            Turns: 1155, Time: 00:02:09

Health: 0/82       AC: 15    Str: 24    XL:     8   Next: 49%
Magic:  12/12      EV: 10    Int:  8    God:    Makhleb [**....]
Gold:   0          SH:  6    Dex:  9    Spells: 7/7 levels left

rFire   . . .        n - +3 war axe (freeze)
rCold   . . .        c - +0 buckler
rNeg    . . .        p - +1 scale mail
rPois   .            (helmet restricted)
rElec   .            o - +0 cloak
rCorr   .            a - +0 pair of gloves
SInv    .            (no boots)
Will    .....        (no amulet) Stlth
                     b - +2 ring of protection
HPRegen 0.33/turn    q - +3 ring of intelligence
MPRegen 0.13/turn

%: no teleportation
@: no status effects
A: horns 2, retaliatory headbutt
a: Renounce Religion, Minor Destruction


You were in the Dungeon.
You worshipped Makhleb.
Makhleb was pleased with you.
You visited 1 branch

Inventory:

Hand Weapons
 m - a +2 morningstar of holy wrath
 n - a +3 war axe of freezing (weapon)
Armour
 a - a +0 pair of gloves (worn)
 c - a +0 buckler (worn)
 o - a +0 cloak (worn)
 p - a +1 scale mail (worn)
Jewellery
 b - a +2 ring of protection (left hand)
 q - a +3 ring of intelligence (right hand)
Wands
 l - a wand of light (5)
Scrolls
 j - a scroll of blinking
 k - 2 scrolls of amnesia
Potions
 d - a potion of might
 e - 5 potions of curing
 g - a potion of haste
 h - 4 potions of magic


   Skills:
 + Level 11.2 Fighting
 + Level 10.9 Axes
 + Level 11.3 Armour
 + Level 11.2 Shields
 + Level 6.8 Invocations


You had 7 spell levels left.
You didn't know any spells.
Your spell library was empty.

Dungeon Overview and Level Annotations

Branches:
Dungeon (1/1)

Altars:
Cheibriados
Dithmenos
Elyvilon
Fedhas
Gozag
Hepliaklqana
Kikubaaqudgha
Makhleb
Nemelex Xobeh
Okawaru
Qazlal
Ru
Sif Muna
Trog
Uskayaw
Vehumet
Wu Jian
Xom
Yredelemnul
Zin
The Shining One
Jiyva
Lugonu


Innate Abilities, Weirdness & Mutations

You have a pair of horns on your head.
You reflexively headbutt those who attack you in melee.


Message History

The nine-headed hydra misses you. The nine-headed hydra bites you!
The nine-headed hydra barely misses you.
Unknown command.
Unknown command.
Unknown command.
Aiming: Bolt of Light
Press: ? - help, Shift-Dir - straight line, f/p - troll
Aim: a troll (heavily wounded, blind, 71% to hit)
The bolt of light hits the nine-headed hydra!
The nine-headed hydra is almost dead.
The bolt of light misses the slime creature.
The bolt of light hits the troll!
The troll is almost dead.
The nine-headed hydra bites you. The nine-headed hydra bites you!
The nine-headed hydra misses you. The nine-headed hydra bites you.
You block the nine-headed hydra's attack.
The nine-headed hydra bites you!
You block the nine-headed hydra's attack.
The nine-headed hydra bites you but does no damage.
The nine-headed hydra bites you.
Unknown command.
Unknown command.
Unknown command.
You chop one of the nine-headed hydra's heads off!
The eight-headed hydra grows two more!
You slash the ten-headed hydra! You freeze the ten-headed hydra.
The ten-headed hydra is severely wounded.
The ten-headed hydra is no longer blind.
The ten-headed hydra bites you!
* * * LOW HITPOINT WARNING * * *
The ten-headed hydra bites you.
* * * LOW HITPOINT WARNING * * *
The ten-headed hydra bites you.
* * * LOW HITPOINT WARNING * * *
The ten-headed hydra bites you but does no damage.
The ten-headed hydra bites you!
* * * LOW HITPOINT WARNING * * *
You block the ten-headed hydra's attack.
The ten-headed hydra bites you.
You die...

▓.▓
▓.▓
▓)▓
▓.▓
▓.▓
▓.▓
▓[▓
▓.▓
▓@▓
▓D▓
▓J▓
▓T▓
▓.▓
▓.▓
▓.▓
▓.▓
▓'▓


You could see a ten-headed hydra, a slime creature and a troll (blind).

Vanquished Creatures
  A centaur warrior (D)
  A two-headed ogre (D)
  A yak (D)
  An ice beast (D)
  A centaur (D)
  A kobold brigand (D)
  A gnoll sergeant (D)
  2 iguanas (D)
  A sleepcap (D)
  An ufetubus (D)
  A bat (D)
  2 endoplasms (D)
  A ball python (D)
  A frilled lizard (D)
16 creatures vanquished.

Vanquished Creatures (others)
  An unseen horror (D)
  A kobold brigand (D)
2 creatures vanquished.

Grand Total: 18 creatures vanquished

Notes
Turn   | Place    | Note
-------+----------+-------------------------------------------
     0 | D        | Groucho the Minotaur Fighter began the quest for the Orb.
     0 | D        | Reached XP level 1. HP: 19/19 MP: 0/0
    17 | D        | Noticed an iguana
    17 | D        | Noticed an ice beast
    17 | D        | Noticed a sleepcap
    17 | D        | Noticed an iguana
    24 | D        | Killed an iguana
    25 | D        | Reached skill level 5 in Fighting
    25 | D        | Reached skill level 5 in Armour
    25 | D        | Reached skill level 5 in Shields
    25 | D        | Reached XP level 2. HP: 29/29 MP: 1/1
    25 | D        | Reached XP level 3. HP: 36/36 MP: 2/2
    31 | D        | Killed an ice beast
    32 | D        | Reached XP level 4. HP: 40/45 MP: 3/3
    36 | D        | Reached XP level 5. HP: 43/52 MP: 4/4
   211 | D        | Found a snail-covered altar of Cheibriados.
   211 | D        | Found a shadowy altar of Dithmenos.
   211 | D        | Found a white marble altar of Elyvilon.
   211 | D        | Found a blossoming altar of Fedhas.
   211 | D        | Found an opulent altar of Gozag.
   212 | D        | Found a hazy altar of Hepliaklqana.
   213 | D        | Found a viscous altar of Jiyva.
   214 | D        | Found an ancient bone altar of Kikubaaqudgha.
   215 | D        | Found a corrupted altar of Lugonu.
   216 | D        | Found a burning altar of Makhleb.
   217 | D        | Found a sparkling altar of Nemelex Xobeh.
   218 | D        | Found an iron altar of Okawaru.
   219 | D        | Found a stormy altar of Qazlal.
   220 | D        | Found a sacrificial altar of Ru.
   221 | D        | Found a shimmering blue altar of Sif Muna.
   222 | D        | Found a bloodstained altar of Trog.
   223 | D        | Found a hide-covered altar of Uskayaw.
   224 | D        | Became a worshipper of Makhleb the Destroyer
   225 | D        | Found a radiant altar of Vehumet.
   226 | D        | Found an ornate altar of the Wu Jian Council.
   227 | D        | Found a shimmering altar of Xom.
   228 | D        | Found a basalt altar of Yredelemnul.
   229 | D        | Found a glowing silver altar of Zin.
   230 | D        | Found a glowing golden altar of the Shining One.
   283 | D        | Noticed a two-headed ogre
   283 | D        | Noticed a centaur
   283 | D        | Noticed a yak
   289 | D        | Reached skill level 1 in Invocations
   294 | D        | Reached XP level 6. HP: 62/62 MP: 4/7
   300 | D        | Killed a two-headed ogre
   300 | D        | Reached * piety under Makhleb
   301 | D        | Reached XP level 7. HP: 48/71 MP: 5/9
   304 | D        | Reached skill level 5 in Invocations
   307 | D        | Killed a yak
   308 | D        | Reached skill level 10 in Fighting
   308 | D        | Reached skill level 10 in Armour
   308 | D        | Reached skill level 10 in Shields
   505 | D        | Noticed a boulder beetle
   505 | D        | Noticed a centaur warrior
   505 | D        | Noticed an eight-headed hydra
   505 | D        | Noticed a slime creature
   505 | D        | Noticed a troll
   516 | D        | Killed an unseen horror
   524 | D        | Killed a centaur warrior
   524 | D        | Reached ** piety under Makhleb
   525 | D        | Reached skill level 10 in Axes
   525 | D        | Reached XP level 8. HP: 36/82 MP: 10/12
   526 | D        | HP: 4/82 [nine-headed hydra (9)]
  1155 | D        | Slain by a ten-headed hydra

Illustrated notes

Levels and vault maps discovered:
D:        linesprint [early_d, line_temple, items_1, d_10, items_2, lair_1,
          lair_end, items_3, orc_1, orc_end, items_4, d_15, swamp_1, shoals_1,
          snake_1, spider_1, d_20, vaults_1, items_5, swamp_end, shoals_end,
          snake_end, spider_end, vaults_end, d_27, items_6, zot_1, zot_end,
          crypt_end, forest_end, elf_end, slime_end, tomb_end, abyss_end,
          pan_hell_end]

Skill      XL: |  1  2  3  4  5  6  7 |
---------------+----------------------+-----
Fighting       | 5 6 7 8 9 11 | 11.2
Axes           | 4 6 8 9 10 | 10.9
Armour         | 5 6 7 8 9 11 | 11.3
Shields        | 5 6 7 8 9 11 | 11.2
Invocations    | 2 4 6 |  6.8

Action                     |  1- 3 |  4- 6 |  7- 9 || total
---------------------------+-------+-------+-------++-------
  Melee: War axe           |    19 |    20 |    25 ||    64
         Headbutt          |     3 |     4 |     5 ||    12
  Evoke: Wand              |       |       |     5 ||     5
    Use: Potion            |     2 |     2 |     1 ||     5
         Scroll            |       |       |     1 ||     1
   Stab: Invisible         |       |     3 |     1 ||     4
 Armour: Scale mail        |     6 |     4 |    23 ||    33
  Dodge: Dodged            |     6 |    13 |    19 ||    38
  Block: Buckler           |     3 |     5 |    18 ||    26
